 Dungeon Crawl Stone Soup version 0.32-a0-986-ga09f62fbf4 (webtiles) character file.

Game seed: 596910459396317497

2277 petete the Geomancer (level 9, -6/75 HPs)
             Began as a Mountain Dwarf Earth Elementalist on Apr 21, 2024.
             Was a Believer of Vehumet.
             Mangled by Duvessa
             ... wielding a +0 short sword
              (11 damage)
             ... on level 6 of the Dungeon.
             The game lasted 00:21:45 (5986 turns).

petete the Geomancer (MDEE)                         Turns: 5986, Time: 00:21:47

Health: -6/75      AC:  4    Str: 11    XL:     9   Next: 16%
Magic:  9/17       EV: 10    Int: 20    God:    Vehumet [**....]
Gold:   392        SH:  0    Dex: 10    Spells: 8/19 levels left

rFire   + . .        a - +4 dagger
rCold   . . .        (no shield)
rNeg    . . .        x - +0 robe
rPois   .            k - +0 helmet
rElec   .            q - +0 cloak
rCorr   .            (no gloves)
SInv    .            (no boots)
Will    .....        (no amulet)
Stlth   ++           l - ring of protection from fire
HPRegen 0.32/turn    (no ring)
MPRegen 0.15/turn

%: no passive effects
@: very slightly contaminated
A: runic magic, artefact enchanting
a: Renounce Religion


You were on level 6 of the Dungeon.
You worshipped Vehumet.
Vehumet was pleased with you.
You visited 2 branches of the dungeon, and saw 7 of its levels.
You also visited: Ossuary.

You collected 392 gold pieces.

Inventory:

Hand Weapons
 a - a +4 dagger (weapon)
 c - a +0 spear
 z - a +1 hand axe of freezing
Armour
 b - a +0 ring mail
 k - a +0 helmet (worn)
 q - a +0 cloak (worn)
 s - a +0 chain mail
 w - a +0 scale mail
 x - a +0 robe (worn)
Jewellery
 l - a ring of protection from fire (left hand)
Wands
 t - a wand of charming (13)
 u - a wand of roots (7)
Scrolls
 e - 2 scrolls of revelation {unknown}
 f - 3 scrolls of poison {unknown}
 g - 3 scrolls of teleportation {unknown}
 i - a scroll of identify {unknown}
 j - a scroll of fear {unknown}
 m - a scroll of butterflies {unknown}
 n - a scroll of blinking {unknown}
 p - a scroll of amnesia {unknown}
 r - 2 scrolls of vulnerability {unknown}
 v - a scroll of enchant armour {unknown}
 y - a scroll of fog {unknown}
 A - a scroll of immolation {unknown}
 B - a scroll of torment {unknown}
Potions
 d - a potion of haste {unknown}
 h - a potion of mutation {unknown}
 o - a potion of enlightenment {unknown}
 C - a potion of heal wounds {unknown}
 D - 3 potions of curing {unknown}
 E - 2 potions of might {unknown}


   Skills:
 + Level 6.2 Fighting
 - Level 1.3 Dodging
 - Level 3.2 Stealth
 - Level 5.6 Spellcasting
 + Level 2.5 Conjurations
 - Level 8.0 Earth Magic
 - Level 2.2 Alchemy


You had 8 spell levels left.
You knew the following spells:

 Your Spells              Type           Power      Damage    Failure   Level
a - Sandblast             Erth           74%        2d16      1%          1
b - Passwall              Erth           37%        N/A       1%          3
c - Stone Arrow           Conj/Erth      52%        3d10      3%          3
d - Petrify               Alch/Erth      26%        N/A       13%         4

Your spell library contained the following spells:

 Spells                   Type           Power      Damage    Failure   Level
 Momentum Strike          Conj/Tloc      20%        3d8       10%         2
 Necrotise                Necr           20%        1d5       11%         1
 Brom's Barrelling Bould  Conj/Erth      26%        2d5       12%         4
 Vampiric Draining        Necr           5%         2d6       32%         3
 Martyr's Knell           Necr/Summ      5%         N/A       73%         4
 Curse of Agony           Necr           5%         N/A       97%         5


Dungeon Overview and Level Annotations

Branches:
Dungeon (6/15)             Temple (1/1) D:6         Ossuary (visited)

Altars:
Ashenzari
Cheibriados
Dithmenos
Gozag
Kikubaaqudgha
Qazlal
Ru
Sif Muna
Trog
Vehumet
Wu Jian
Xom
Yredelemnul
Lugonu

Annotations:
D:6 Duvessa


Innate Abilities, Weirdness & Mutations

Your spellcasting is much less encumbered by armour.
You can use scrolls of enchantment on lesser artefacts.


Message History

Okay, then.
Aiming: Sandblast (safe; 1% risk of failure)
Press: ? - help, Q - select action, (/) - cycle Shift-Dir - straight line, f/p - Duvessa
Aim: Duvessa, wielding a +0 short sword and wearing a +0 scale mail (berserk, 88% to hit)
Okay, then.
Casting: Sandblast (safe; 1% risk of failure)
Confirm with . or Enter, or press ? or * to list all spells.
Aiming: Stone Arrow (dangerous; 3% risk of failure)
Press: ? - help, Shift-Dir - straight line, f/p - Duvessa
Aim: Duvessa, wielding a +0 short sword and wearing a +0 scale mail (berserk, 79% to hit)
Okay, then.
Aiming: Sandblast (safe; 1% risk of failure)
Press: ? - help, Q - select action, (/) - cycle Shift-Dir - straight line, f/p - Duvessa
Aim: Duvessa, wielding a +0 short sword and wearing a +0 scale mail (berserk, 88% to hit)
The blast of sand hits Duvessa but does no damage.
Duvessa hits you with a +0 short sword! x2
Aiming: Sandblast (safe; 1% risk of failure)
Press: ? - help, Q - select action, (/) - cycle Shift-Dir - straight line, f/p - Duvessa
Aim: Duvessa, wielding a +0 short sword and wearing a +0 scale mail (berserk, 88% to hit)
The blast of sand hits Duvessa!
Duvessa is lightly wounded.
Duvessa misses you.
Duvessa hits you with a +0 short sword! x2
Aiming: Sandblast (safe; 1% risk of failure)
Press: ? - help, Q - select action, (/) - cycle Shift-Dir - straight line, f/p - Duvessa
Aim: Duvessa, wielding a +0 short sword and wearing a +0 scale mail (lightly wounded, berserk, 88% to hit)
The blast of sand hits Duvessa.
Duvessa is moderately wounded.
Duvessa hits you with a +0 short sword!
* * * LOW HITPOINT WARNING * * *
Duvessa hits you with a +0 short sword!
* * * LOW HITPOINT WARNING * * *
Casting: Sandblast (safe; 1% risk of failure)
Confirm with . or Enter, or press ? or * to list all spells.
Aiming: Petrify (dangerous; 13% risk of failure)
Press: ? - help, Shift-Dir - straight line, f/p - Duvessa
Aim: Duvessa, wielding a +0 short sword and wearing a +0 scale mail (moderately wounded, berserk, chance to affect: 39%)
You miscast Petrify.
You are very lightly contaminated with residual magic.
Nothing appears to happen.
Duvessa hits you with a +0 short sword!
You die...

..........##### ###.######.# #.#
..........#...# #.# ###.#.#.)
###.......#.#.######e# .......<)
#....^........e....######.#.##)
###..........###..........#....
####...###.....###..........###.#
.................'............#..
..#...#..#.....###..........#.###
...#.#...#......@e)............ .
....>....#.#.#.##...............
...#.#...#.###.##..........##.#
..#†..#...................†..>#
.........########..........##.###
.......#...... ............##....
#.####.#########..##.....#....###
#. #.# #..##.......#### # #.# #.
####...##


You could see Duvessa (berserk).

Vanquished Creatures
  Pikel (D:6)
  A water moccasin (D:5)
  A sky beast (D:6)
  2 black bears
  2 ogres (D:5)
  A kobold brigand (D:5)
  A phantom (D:5)
  A lemure (D:6)
  2 elf zombies (Ossuary)
  2 weeping skulls
  A scorpion (D:4)
  Dowan (D:6)
  A centaur zombie (Ossuary)
  5 hounds
  2 jellies
  A human zombie (Ossuary)
  An orc priest (D:4)
  3 iguanas
  An orc wizard (D:4)
  A bullfrog simulacrum (Ossuary)
  4 hound zombies (Ossuary)
  3 mummies (Ossuary)
  5 adders
  4 gnolls (D:5)
  A shadow imp (D:5)
  2 ufetubi (D:6)
  2 adder zombies (Ossuary)
  3 dart slugs
  15 orcs
  4 endoplasms
  2 giant cockroaches
  A gnoll zombie (Ossuary)
  5 goblins
  2 hobgoblins
  4 jackals (D:3)
  7 ball pythons
  6 ball python zombies (Ossuary)
  7 bats
  2 frilled lizards
  4 jackal zombies (Ossuary)
  6 kobolds
  4 kobold zombies (Ossuary)
  2 orc zombies (Ossuary)
  7 rats
  A spectral orc (D:5)
134 creatures vanquished.

Notes
Turn   | Place    | Note
-------+----------+-------------------------------------------
     0 | D:1      | petete the Mountain Dwarf Earth Elementalist began the
                  | quest for the Orb.
     0 | D:1      | Reached XP level 1. HP: 14/14 MP: 3/3
   378 | D:1      | Reached skill level 1 in Conjurations
   392 | D:1      | Reached XP level 2. HP: 20/20 MP: 0/5
  1718 | D:3      | Reached skill level 4 in Earth Magic
  1798 | D:3      | Reached XP level 3. HP: 26/26 MP: 4/6
  1802 | D:3      | Learned a level 3 spell: Passwall
  1952 | D:3      | HP: 1/26 [poisoned by an adder]
  2099 | D:3      | Learned a level 3 spell: Stone Arrow
  2280 | D:3      | Found a radiant altar of Vehumet.
  2294 | D:3      | Became a worshipper of Vehumet
  2384 | D:3      | Noticed a black bear
  2391 | D:3      | Killed a black bear
  2392 | D:3      | Reached skill level 5 in Earth Magic
  2392 | D:3      | Reached XP level 4. HP: 15/33 MP: 2/8
  2392 | D:3      | Reached XP level 5. HP: 18/38 MP: 2/9
  3127 | D:4      | Reached XP level 6. HP: 15/45 MP: 1/10
  3136 | D:4      | Learned a level 4 spell: Petrify
  3449 | D:4      | Found an ornate altar of the Wu Jian Council.
  3654 | D:4      | Reached skill level 6 in Earth Magic
  3771 | D:4      | Reached skill level 1 in Alchemy
  3852 | D:4      | Found a bloodstained altar of Trog.
  4045 | D:4      | Found a shimmering blue altar of Sif Muna.
  4130 | D:5      | Entered Level 5 of the Dungeon
  4173 | D:5      | Reached * piety under Vehumet
  4173 | D:5      | Offered knowledge of Sting by Vehumet.
  4216 | D:5      | Reached XP level 7. HP: 50/50 MP: 5/13
  4222 | D:5      | Reached skill level 1 in Fighting
  4505 | D:5      | Found a sand-covered staircase.
  4510 | Ossuary  | Entered an ossuary
  4630 | Ossuary  | Offered knowledge of Magic Dart by Vehumet.
  4631 | Ossuary  | Reached skill level 7 in Earth Magic
  4640 | Ossuary  | Reached ** piety under Vehumet
  4847 | Ossuary  | Reached XP level 8. HP: 60/66 MP: 6/14
  5194 | D:5      | Reached skill level 5 in Fighting
  5194 | D:5      | Reached skill level 8 in Earth Magic
  5528 | D:5      | Found a basalt altar of Yredelemnul.
  5712 | D:6      | Offered knowledge of Momentum Strike by Vehumet.
  5853 | D:6      | Noticed Pikel
  5864 | D:6      | Noticed Duvessa
  5866 | D:6      | Killed Pikel
  5867 | D:6      | Reached skill level 5 in Spellcasting
  5867 | D:6      | Reached XP level 9. HP: 54/75 MP: 9/17
  5951 | D:6      | Found a staircase to the Ecumenical Temple.
  5961 | Temple   | Entered the Ecumenical Temple
  5977 | D:6      | Noticed Dowan
  5981 | D:6      | Killed Dowan
  5986 | D:6      | Mangled by Duvessa

Illustrated notes

Levels and vault maps discovered:
D:1:      psy_arrival_conway, layout_basic, minmay_split_cup_large
D:2:      layout_loops_ring
D:3:      minmay_evil_eye, layout_loops_corners, mainiacjoe_overflow_brackets,
          serial_forest, infiniplex_forest_clump_long,
          infiniplex_forest_zigzag_2, infiniplex_forest_lined_room_3,
          infiniplex_forest_zigzag_1, infiniplex_forest_clump_double,
          infiniplex_forest_corner_1, infiniplex_forest_clump_diagonal,
          minmay_between
D:4:      layout_basic, general_overflow_altar, kennysheep_orc_sif_temple,
          trog_book
D:5:      layout_gridville, yredelemnul_forgotten_temple_becter, enter_ossuary_2
D:6:      layout_basic, lemuel_tele_altar, tso_oasis_becter,
          minmay_temple_entry_crystal_x, uniq_pikel, uniq_duvessa
Temple:   corrupted_temple

Skill      XL: |  1  2  3  4  5  6  7  8 |
---------------+-------------------------+-----
Spellcasting   | 2 3 4 5 |  5.6
Conjurations   | 1 2 |  2.5
Earth Magic    | 4 5 6 7 8 |  8.0
Alchemy        | 2 |  2.2
Fighting       | 4 6 |  6.2
Stealth        | 3 |  3.2
Dodging        | |  1.3

Action                     |  1- 3 |  4- 6 |  7- 9 || total
---------------------------+-------+-------+-------++-------
  Melee: Spear             |    15 |     1 |     3 ||    19
         Dagger            |       |       |     8 ||     8
   Cast: Sandblast         |    54 |    65 |   146 ||   265
         Stone Arrow       |       |       |     4 ||     4
    Use: Potion            |     1 |       |       ||     1
 Armour: Robe              |    25 |    33 |    71 ||   129
  Dodge: Dodged            |    26 |    40 |    44 ||   110

Table legend: (Time is in decaauts)
 A = Elapsed time spent in this place.
 B = Non-inter-level travel time spent in this place.
 C = Inter-level travel time spent in this place.
 D = Time resting spent in this place.
 E = Time spent auto-exploring this place.
 F = Levels seen in this place.
 G = Mean time per level.
                   A        B        C        D        E       F      G
               +--------+--------+--------+--------+--------+-----+--------+
         Total |   6126 |   5803 |    323 |    105 |   4550 |   8 |  765.8 |
       Dungeon |   5433 |   5110 |    323 |    105 |   4028 |   6 |  905.5 |
        Temple |      1 |      1 |      0 |      0 |      0 |   1 |    1.0 |
       Ossuary |    691 |    691 |      0 |      0 |    522 |   1 |  691.0 |
               +--------+--------+--------+--------+--------+-----+--------+

Top non-repeatable levels by time:
     D:3: 1485 daAuts
     D:4: 1104 daAuts
     D:5: 1009 daAuts
     D:1: 970 daAuts
 Ossuary: 691 daAuts
     D:2: 630 daAuts
     D:6: 233 daAuts
  Temple: 1 daAuts
